 Dungeon Crawl Stone Soup version 0.31-a0-543-geaa9c7a2c0 (webtiles) character file.

Game seed: 16390977593057219680

116 Ethylacetat the Ducker (level 5, -1/36 HPs)
             Began as an Octopode Gladiator on Aug 15, 2023.
             Slain by a gnoll
             ... wielding a +0 spear of venom
              (8 damage)
             ... on level 3 of the Dungeon.
             The game lasted 00:03:23 (1682 turns).

Ethylacetat the Ducker (Octopode Gladiator)         Turns: 1682, Time: 00:03:25

Health: -1/36      AC:  1    Str: 13    XL:     5   Next: 0%
Magic:  5/5        EV: 14    Int: 10    God:
Gold:   161        SH:  0    Dex: 16    Spells: 2/4 levels left

rFire   . .          .
                       - Unarmed
rCold   . . .        (no shield)
rNeg    + . .        a - +0 hat
rPois   .            (no amulet)
rElec   .            n - ring of positive energy
rCorr   .            (no ring)
SInv    .            (no ring)
Will    +....        (no ring)
Stlth   ++           (no ring)
HPRegen 0.26/turn    (no ring)
MPRegen 0.09/turn    (no ring)
                     (no ring)

%: no passive effects
@: lethally poisoned (-1 -> -16), enlightened, flying
A: almost no armour, amphibious, 8 rings, camouflage 1, gelatinous body 1,
(nimble swimmer 1), tentacles
a: no special abilities


You were on level 3 of the Dungeon.
You visited 1 branch of the dungeon, and saw 3 of its levels.

You collected 161 gold pieces.

Inventory:

Missiles
 b - 3 throwing nets (quivered)
 c - a javelin
Armour
 a - a +0 hat (worn)
Jewellery
 n - a ring of positive energy (left tentacle)
Scrolls
 d - 3 scrolls of identify {unknown}
 e - 2 scrolls of teleportation {unknown}
 h - a scroll of noise {unknown}
 j - a scroll of acquirement {unknown}
 k - a scroll of enchant armour {unknown}
 m - a scroll of silence {unknown}
 q - a scroll of revelation {unknown}
Potions
 f - a potion of berserk rage {unknown}
 g - a potion of enlightenment
 i - 4 potions of curing {unknown}
 l - a potion of ambrosia {unknown}
 o - a potion of might {unknown}
 p - a potion of resistance {unknown}
 r - a potion of invisibility {unknown}


   Skills:
 + Level 3.3 Fighting
 - Level 2.0 Throwing
 + Level 4.0 Dodging
 + Level 3.9 Unarmed Combat


You had 2 spell levels left.
You knew the following spells:

 Your Spells              Type           Power      Damage    Failure   Level
a - Blink                 Tloc           0%         N/A       50%         2

Your spell library contained the following spells:

 Spells                   Type           Power      Damage    Failure   Level
 Lesser Beckoning         Tloc           0%         N/A       50%         2
 Momentum Strike          Conj/Tloc      0%         3d8       50%         2


Dungeon Overview and Level Annotations

Branches:
Dungeon (3/15)

Altars:
Hepliaklqana
Kikubaaqudgha
Okawaru


Innate Abilities, Weirdness & Mutations

You cannot wear most types of armour.
You are amphibious.
You can wear up to eight rings at the same time.
Your skin changes colour to match your surroundings (Stealth+).
Your rubbery body absorbs attacks. (AC +1, EV +1)
((You are camouflaged when in or above water. (Stealth+)))
You have tentacles for arms and can constrict up to eight enemies at once.


Message History

You tentacle-slap the gnoll.
The gnoll is heavily wounded.
You constrict the gnoll. The gnoll closely misses you. x2
You tentacle-slap the gnoll. x2
The gnoll is almost dead.
You constrict the gnoll.
You kill the gnoll!
The gnoll barely misses you.
Your Dodging skill increases to level 4!
You have reached level 5!
You feel agile. The gnoll misses you. The gnoll completely misses you.
Things that are here:
a +0 club; a gnoll corpse You barely miss the gnoll.
You grab the gnoll. You constrict the gnoll.
The gnoll hits you but does no damage.
The gnoll hits you from afar with a +0 spear of venom.
You are poisoned.
Unknown command.
You barely miss the gnoll.
The gnoll is lightly wounded.
You constrict the gnoll.
You feel very sick. The gnoll hits you with a +0 halberd!
The gnoll hits you from afar with a +0 spear of venom.
* * * LOW HITPOINT WARNING * * *
You are lethally poisoned!
You are too injured to fight recklessly!
You are too injured to fight recklessly!
Unknown command.
You are too injured to fight recklessly!
You are too injured to fight recklessly!
It was a potion of enlightenment.
You feel very buoyant.
You fly up into the air.
You constrict the gnoll.
* * * LOW HITPOINT WARNING * * *
You feel very sick. The gnoll barely misses you.
The gnoll hits you from afar with a +0 spear of venom!
You die...

......#### .[.......#
###.##.#.#####
........>.....
#.........###
#..........#
#..........#
#..........###########.#
###+#+###..#....@ggg...#
#.#....#.###########
#.#....#...#.....#
#......###.#.##.##
##.....#...#.##.#
#......<..†....#
#.##..#####....#..#
#.............#...#
#.#########.#.#..##


You could see 3 gnolls.

Vanquished Creatures
  Terence (D:2)
  A gnoll (D:3)
  2 adders (D:2)
  A worm (D:3)
  3 dart slugs
  2 orcs (D:3)
  3 endoplasms (D:1)
  2 giant cockroaches
  4 goblins
  6 hobgoblins
  A jackal (D:3)
  A quokka (D:2)
  9 ball pythons
  3 bats
  A frilled lizard (D:1)
  5 kobolds
  4 rats
49 creatures vanquished.

Notes
Turn   | Place    | Note
-------+----------+-------------------------------------------
     0 | D:1      | Ethylacetat the Octopode Gladiator began the quest for the
                  | Orb.
     0 | D:1      | Reached XP level 1. HP: 14/14 MP: 1/1
   112 | D:1      | Reached XP level 2. HP: 17/19 MP: 2/2
   412 | D:1      | Reached XP level 3. HP: 23/25 MP: 3/3
   492 | D:2      | Found a hazy altar of Hepliaklqana.
   523 | D:2      | Noticed Terence
   533 | D:2      | Killed Terence
   534 | D:2      | Reached XP level 4. HP: 18/30 MP: 4/4
  1466 | D:3      | Found an iron altar of Okawaru.
  1470 | D:3      | Learned a level 2 spell: Blink
  1557 | D:3      | Found an ancient bone altar of Kikubaaqudgha.
  1679 | D:3      | Reached skill level 4 in Dodging
  1679 | D:3      | Reached XP level 5. HP: 33/36 MP: 5/5
  1682 | D:3      | Slain by a gnoll

Illustrated notes

Levels and vault maps discovered:
D:1:      dpeg_arrival_refuge, layout_rooms
D:2:      layout_basic, basic_altar, uniq_terence
D:3:      layout_basic, mainiacjoe_overflow_alcove_4,
          mainiacjoe_overflow_concentric_impassable, kennysheep_flooded_box,
          minmay_randomly_rotated_circles

Skill      XL: |  1  2  3  4 |
---------------+-------------+-----
Fighting       | 3 |  3.3
Dodging        | 4 |  4.0
Throwing       | |  2.0
Unarmed Combat | |  3.9

Action                     |  1- 3 |  4- 6 || total
---------------------------+-------+-------++-------
  Melee: Unarmed           |    56 |    52 ||   108
         Constrict         |    10 |    19 ||    29
         Tentacles         |     7 |    15 ||    22
         Punch             |     2 |     2 ||     4
    Use: Potion            |       |     1 ||     1
   Stab: Sleeping          |     4 |     8 ||    12
 Armour: Skin              |     3 |     2 ||     5
  Dodge: Dodged            |    34 |    41 ||    75

Table legend: (Time is in decaauts)
 A = Elapsed time spent in this place.
 B = Non-inter-level travel time spent in this place.
 C = Inter-level travel time spent in this place.
 D = Time resting spent in this place.
 E = Time spent auto-exploring this place.
 F = Levels seen in this place.
 G = Mean time per level.
                   A        B        C        D        E       F      G
               +--------+--------+--------+--------+--------+-----+--------+
         Total |   1673 |   1623 |     50 |      0 |   1312 |   3 |  557.7 |
       Dungeon |   1673 |   1623 |     50 |      0 |   1312 |   3 |  557.7 |
               +--------+--------+--------+--------+--------+-----+--------+

Top non-repeatable levels by time:
     D:2: 658 daAuts
     D:3: 536 daAuts
     D:1: 478 daAuts
